 Dungeon Sprint DCSS version 0.21.1-1-g345015fe64 (webtiles) character file.

4400000 Danqa the Axe Maniac (level 25, -35/280 HPs)
             Began as a Naga Warper on May 4, 2018.
             Was the Champion of Makhleb.
             Annihilated by The Servant
             ... wielding a +9 glaive of flaming
              (99 damage)
             ... in the Dungeon (Sprint VIII: "Arena of Blood").
             The game lasted 00:06:07 (44 turns).

Danqa the Axe Maniac (Naga Warper)                    Turns: 44, Time: 00:06:07

Health: -35/280    AC: 13    Str: 25    XL:     25   Next: 98%
Magic:  13/54      EV: 22    Int: 15    God:    Makhleb [******]
Gold:   0          SH:  0    Dex: 10    Spells: 78/78 levels left

rFire    . . .     SeeInvis +   l - +∞ Axe of Woe
rCold    . . .     Gourm    .   (shield currently unavailable)
rNeg     . . .     Faith    .   b - +0 leather armour
rPois    +         Spirit   .   (no helmet)
rElec    .         Reflect  .   (no cloak)
rCorr    .         Harm     .   (no gloves)
MR       +++..     NoTele   +   (no barding)
Stlth    +++++++++.             (no amulet)
HPRegen  0.56/turn              (no ring)
MPRegen  0.34/turn              (no ring)

@: very slow
A: large, see invisible, deformed body, poison resistance, slowness 2, slow
metabolism 1, spit poison 1, constrict 1, AC +8
a: Spit Poison, Minor Destruction, Lesser Servant of Makhleb, Major Destruction,
Greater Servant of Makhleb, Renounce Religion


You were in the Dungeon.
You worshipped Makhleb.
Makhleb was exalted by your worship.
You were not hungry.

You visited 1 branch

Inventory:

Hand Weapons
 a - a +0 hand axe
 l - the +∞ Axe of Woe (weapon)
   (You found it in the Dungeon)
Missiles
 e - 5 tomahawks of dispersal (quivered)
Armour
 b - a +0 leather armour (worn)
Scrolls
 d - 2 scrolls of blinking
Potions
 g - a potion of curing
 h - a potion of heal wounds
 i - a potion of haste
 j - 2 potions of magic
 k - a potion of berserk rage
Books
 c - a book of Spatial Translocations

   Spells                             Type                      Level
   a - Blink                          Translocation                2
   b - Shroud of Golubria             Charms/Translocation         2
   c - Lesser Beckoning               Translocation                3
   d - Gell's Gravitas                Translocation                3
   e - Teleport Other                 Translocation                3
   f - Passage of Golubria            Translocation                4
Comestibles
 f - a ration


   Skills:
 O Level 27 Fighting
 O Level 27 Axes
 O Level 27 Throwing
 O Level 27 Armour
 O Level 27 Dodging
 O Level 27 Stealth
 O Level 27 Unarmed Combat
 O Level 27 Spellcasting
   Level 3.0 Translocations
 O Level 27 Invocations


You had 78 spell levels left.
You didn't know any spells.

Dungeon Overview and Level Annotations

Branches:
Dungeon (1/1)

Altars:
Makhleb

Annotations:
D The Servant


Innate Abilities, Weirdness & Mutations

You cannot wear boots.
Your serpentine skin is tough. (AC +8)
You have supernaturally acute eyesight. (SInv)
Armour fits poorly on your strangely shaped body.
Your system is resistant to poisons. (rPois)
You cover ground very slowly.
You have a slow metabolism.
You can spit poison.
You can use your snake-like lower body to constrict enemies.


Message History

The Servant burns you.
* * * LOW HITPOINT WARNING * * *
The destroyer blinks!
You hear a shout! x4
The meat berserker appears out of thin air!
A meat berserker comes into view. It is wielding a +9 battleaxe.
You hear a shout! x4
An orc and an ogre come into view.
You slice the meat berserker!!
You butcher the meat berserker messily.
You kill the meat berserker!
Makhleb accepts your kill.
You slash the destroyer! You chop the destroyer into pieces.
You destroy the destroyer!
Makhleb accepts your kill.
You feel better.
The sculptor of flesh burns!
You hear a shout! x2
The eight-headed meat hydra moves out of view.
You hear a shout! x2
The Servant hits you from afar with a +9 glaive of flaming!!!!
You die...

#%. ...# .... .###..
...###o§....
......###......O....
......._§...........
....#.O...#.......#.
. #_.<)§#.........
.#...§§#)O....#.#
..%..._§§@.))......
.....%###..V@)z...#
.###......)###o.....
#.......# .o...
#......%# o...
§........ o..
......... o#
......... # .......


You could see The Servant (burning), a destroyer, a sculptor of flesh (burning),
3 meat berserkers and 6 bags of meat.

Vanquished Creatures
  9 vampire knights (D)
  10 ogres (D)
  A two-headed ogre (D)
  12 orcs (D)
  A skeletal warrior (D)
  A small abomination (D)
34 creatures vanquished.

Vanquished Creatures (others)
  A crawling corpse (D)
1 creature vanquished.

Grand Total: 35 creatures vanquished

Notes
Turn   | Place    | Note
-------+----------+-------------------------------------------
     0 | D        | Found the +∞ Axe of Woe
     0 | D        | Danqa the Naga Warper began the quest for the Orb.
     0 | D        | Reached XP level 1. HP: 19/19 MP: 3/3
     2 | D        | Became a worshipper of Makhleb the Destroyer
     4 | D        | Noticed a bag of meat
     5 | D        | Noticed a bag of meat
     8 | D        | Noticed a bag of meat
     9 | D        | Killed a bag of meat
     9 | D        | Reached XP level 2. HP: 48/48 MP: 3/17
     9 | D        | Reached XP level 3. HP: 55/55 MP: 3/19
     9 | D        | Reached XP level 4. HP: 63/63 MP: 3/20
     9 | D        | Reached XP level 5. HP: 70/70 MP: 3/22
     9 | D        | Reached XP level 6. HP: 79/79 MP: 3/23
     9 | D        | Reached XP level 7. HP: 86/86 MP: 3/25
     9 | D        | Reached XP level 8. HP: 94/94 MP: 3/26
     9 | D        | Reached XP level 9. HP: 102/102 MP: 3/27
     9 | D        | Reached XP level 10. HP: 110/110 MP: 3/28
     9 | D        | Reached XP level 11. HP: 117/117 MP: 3/29
     9 | D        | Reached XP level 12. HP: 126/126 MP: 3/30
    10 | D        | Noticed a meat berserker
    10 | D        | Noticed a meat berserker
    10 | D        | Noticed a meat berserker
    10 | D        | Killed a meat berserker
    10 | D        | Reached * piety under Makhleb
    10 | D        | Gained mutation: You can use your snake-like lower body to constrict enemies. [Naga growth]
    10 | D        | Reached XP level 13. HP: 144/144 MP: 3/35
    10 | D        | Reached XP level 14. HP: 153/153 MP: 3/36
    10 | D        | Killed a bag of meat
    11 | D        | Noticed a bag of meat
    11 | D        | Noticed a meat berserker
    12 | D        | Noticed a bag of meat
    12 | D        | Noticed a meat berserker
    12 | D        | Killed a meat berserker
    12 | D        | Reached XP level 15. HP: 169/169 MP: 4/39
    13 | D        | Killed a meat berserker
    13 | D        | Reached ** piety under Makhleb
    13 | D        | Reached skill level 27 in Axes
    13 | D        | Reached XP level 16. HP: 184/184 MP: 4/43
    16 | D        | Killed a meat berserker
    16 | D        | Reached XP level 17. HP: 201/205 MP: 5/47
    16 | D        | Reached *** piety under Makhleb
    16 | D        | Reached skill level 27 in Fighting
    16 | D        | Reached skill level 27 in Spellcasting
    17 | D        | Killed a meat berserker
    17 | D        | Reached XP level 18. HP: 218/218 MP: 5/49
    17 | D        | Reached skill level 15 in Unarmed Combat
    18 | D        | Noticed a destroyer
    18 | D        | Killed a destroyer
    18 | D        | Reached **** piety under Makhleb
    18 | D        | Reached skill level 27 in Stealth
    18 | D        | Reached XP level 19. HP: 226/226 MP: 5/50
    19 | D        | Noticed a destroyer
    19 | D        | Noticed a destroyer
    22 | D        | Killed a destroyer
    22 | D        | Reached skill level 27 in Unarmed Combat
    22 | D        | Reached skill level 27 in Invocations
    22 | D        | Reached skill level 5 in Armour
    22 | D        | Reached XP level 20. HP: 236/236 MP: 6/51
    22 | D        | Reached ***** piety under Makhleb
    25 | D        | Noticed a meat berserker
    25 | D        | Killed a destroyer
    25 | D        | Reached skill level 10 in Armour
    25 | D        | Reached XP level 21. HP: 88/244 MP: 7/52
    26 | D        | Noticed a large bag of meat
    28 | D        | Noticed The Servant
    29 | D        | Killed a meat berserker
    29 | D        | Reached skill level 27 in Dodging
    32 | D        | Noticed a destroyer
    32 | D        | Noticed a destroyer
    33 | D        | Killed a large bag of meat
    33 | D        | Reached XP level 22. HP: 194/254 MP: 9/53
    35 | D        | Noticed a destroyer
    35 | D        | Noticed a destroyer
    35 | D        | Killed a destroyer
    35 | D        | Reached skill level 27 in Armour
    35 | D        | Reached skill level 10 in Throwing
    37 | D        | Killed a destroyer
    37 | D        | Reached XP level 23. HP: 249/262 MP: 11/54
    38 | D        | Noticed a destroyer
    39 | D        | Noticed a destroyer
    39 | D        | Reached skill level 27 in Throwing
    39 | D        | Killed a destroyer
    39 | D        | Reached XP level 24. HP: 272/272 MP: 11/54
    39 | D        | Killed a destroyer
    39 | D        | Reached ****** piety under Makhleb
    40 | D        | Killed a destroyer
    42 | D        | Noticed a destroyer
    42 | D        | Reached XP level 25. HP: 82/280 MP: 12/54
    43 | D        | HP: 14/280 [The Servant/+9 glaive of flaming (2)]
    44 | D        | Killed a destroyer
    44 | D        | Annihilated by The Servant

Skill      XL: |  1  2  3  4  5  6  7  8  9 10 11 12 13 14 15 16 17 18 19 20 21 22 23 |
---------------+----------------------------------------------------------------------+-----
Fighting       | 13 17 20 22 25 27 | 27.0
Axes           | 14 20 25 27 | 27.0
Throwing       | 4 24 27 | 27.0
Armour         | 4 5 10 22 27 | 27.0
Dodging        | 11 12 22 27 | 27.0
Spellcasting   | 14 18 20 23 26 27 | 27.0
Stealth        | 18 27 | 27.0
Unarmed Combat | 12 19 27 | 27.0
Invocations    | 13 20 27 | 27.0
Translocations | |  3.0

Action                   |  1- 3 |  4- 6 |  7- 9 | 10-12 | 13-15 | 16-18 | 19-21 | 22-24 | 25-27 || total
-------------------------+-------+-------+-------+-------+-------+-------+-------+-------+-------++-------
Melee: Executioner's axe |     1 |       |       |     1 |     2 |     4 |     6 |     6 |     1 ||    21
Invok: Greater Servant o |       |       |       |       |       |       |     1 |     1 |       ||     2
       Major Destruction |       |       |       |       |       |       |       |       |     1 ||     1
Armor: Leather armour    |       |       |       |     1 |       |       |     1 |       |       ||     2
Dodge: Dodged            |       |       |       |       |       |       |     1 |     1 |       ||     2
